 Dungeon Crawl Stone Soup version 0.17.0-27-g4a3f43e (webtiles) character file.

27888 Peloso the Blocker (level 13, -3/116 HPs)
             Began as a Minotaur Fighter on Nov 21, 2015.
             Was a High Priest of Okawaru.
             Slain by a yak (8 damage)
             ... on level 12 of the Dungeon.
             The game lasted 01:35:29 (14820 turns).

Peloso the Blocker (Minotaur Fighter)              Turns: 14820, Time: 01:35:29

Health: -3/116     AC: 31    Str: 23    XL:     13   Next: 6%
Magic:  12/13      EV: 11    Int:  5    God:    Okawaru [*****.]
Gold:   1363       SH: 15    Dex: 10    Spells: 0 memorised, 12 levels left

rFire  . . .     SeeInvis +     a - +1 long sword (protect)
rCold  . . .     Clarity  .     L - +0 plate armour
rNeg   + . .     SustAt   .     c - +0 shield
rPois  .         Gourm    .     s - +1 hat
rElec  .         Spirit   .     h - +0 cloak
rCorr  .         Warding  +     A - +0 pair of gloves
rMut   .         Stasis   .     V - +2 pair of boots {Stlth+}
MR     .....                    B - amulet of warding
Stlth  ..........               q - ring of see invisible
                                t - -3 ring of dexterity (curse)

@: about to teleport, heroism, not resistant to hostile enchantments, extremely
unstealthy
A: retaliatory headbutt, horns 2
a: Heroism, Finesse, Renounce Religion


You were on level 12 of the Dungeon.
You worshipped Okawaru.
Okawaru was extremely pleased with you.
You were not hungry.

You visited 2 branches of the dungeon, and saw 13 of its levels.
You also visited: Trove and Bailey.

You collected 1396 gold pieces.
You spent 33 gold pieces at shops.

Inventory:

Hand Weapons
 a - a +1 long sword of protection (weapon)
 d - a cursed -2 rapier
Missiles
 b - 8 tomahawks of dispersal (quivered)
Armour
 c - a +0 shield (worn)
 h - a +0 cloak (worn)
 s - a +1 hat (worn)
 A - a +0 pair of gloves (worn)
 L - a +0 plate armour (worn)
 M - a +2 pair of boots
 V - a +2 pair of boots of stealth (worn)
Jewellery
 i - an uncursed ring of sustain attributes
 q - a ring of see invisible (right hand)
 r - an uncursed ring of fire
 t - a cursed -3 ring of dexterity (left hand)
 B - an amulet of warding (around neck)
 E - an uncursed ring of protection from magic
 H - an uncursed ring of ice
 Q - the ring of Autumn {rC++ MR- MP+9 Dex+4 Stlth+}
   (You found it in a treasure trove)

   [ring of magical power]

   It affects your dexterity (+4).
   It greatly protects you from cold.
   It affects your resistance to hostile enchantments.
   It affects your magic capacity (+9).
   It makes you more stealthy.
 R - an uncursed ring of protection from magic
 W - an uncursed amulet of rage
 Z - a +2 ring of strength
Wands
 w - a wand of fireball (5)
 F - a wand of digging (17)
Scrolls
 g - 4 scrolls of enchant armour
 k - 2 scrolls of blinking
 o - 2 scrolls of teleportation
 y - 2 scrolls of recharging
 C - 3 scrolls of holy word
 I - a scroll of enchant weapon
Potions
 f - 3 potions of cancellation {unknown}
 j - a potion of heal wounds
 l - 2 potions of agility
 n - 4 potions of haste
 u - a potion of invisibility
 v - 2 potions of flight
 x - a potion of mutation {unknown}
 z - 2 potions of experience {unknown}
 D - a potion of brilliance {unknown}
 G - a potion of resistance {unknown}
 J - 4 potions of curing
 K - 3 potions of magic {unknown}
 X - 2 potions of lignification {unknown}
Comestibles
 e - 9 bread rations
 m - 3 meat rations
 p - 4 royal jellies
 N - a chunk of flesh
 O - a beef jerky


   Skills:
 + Level 11.3(16.3) Fighting
 + Level 13.4(18.4) Long Blades
 + Level 2.7(7.7) Throwing
 + Level 12.1(17.1) Armour
 + Level 6.0(11.0) Dodging
 + Level 1.7(6.7) Stealth
 + Level 14.1(19.1) Shields
 + Level 2.2 Invocations
 + Level 0.3 Evocations


You had 12 spell levels left.
You didn't know any spells.

Dungeon Overview and Level Annotations

Branches:
Dungeon (12/15)            Temple (1/1) D:4            Lair (0/8) D:9
    Orc (0/4) D:11

Altars:
Ashenzari
Cheibriados
Dithmenos
Elyvilon
Fedhas
Gozag
Kikubaaqudgha
Makhleb
Nemelex Xobeh
Okawaru
Qazlal
Ru
Sif Muna
Trog
Vehumet
Xom
Yredelemnul
Zin
The Shining One

Shops:
D:5 (*   D:7 %   D:9 ?   D:10 [

Annotations:
D:12 exclusion: 4 oklob plants


Innate Abilities, Weirdness & Mutations

You reflexively headbutt those who attack you in melee.
You have a pair of horns on your head.


Message History

You headbutt the 19-headed hydra!
The 19-headed hydra is almost dead.
You block the 19-headed hydra's attack. x2
The 19-headed hydra barely misses you. The 19-headed hydra misses you.
The 19-headed hydra closely misses you.
The 19-headed hydra bites you but does no damage.
The 19-headed hydra closely misses you. You block the 19-headed hydra's attack.
The 19-headed hydra bites you but does no damage.
The 19-headed hydra closely misses you. The 19-headed hydra bites you.
* * * LOW HITPOINT WARNING * * *
You block the 19-headed hydra's attack. The 19-headed hydra misses you.
The 19-headed hydra bites you.
* * * LOW HITPOINT WARNING * * *
The 19-headed hydra bites you.
* * * LOW HITPOINT WARNING * * *
The 19-headed hydra bites you!
* * * LOW HITPOINT WARNING * * *
The 19-headed hydra closely misses you. x2
You block the 19-headed hydra's attack. The yak gores you!
You die...

.....#....#.....#######.# #..#
####.#....#.....#.....#.# #...
...#.†....#.....#.(...#.# #...
...#.######.....#.....#.######...
...#............#.>...#..........
...#..................#......####
####.÷................#......#
...............Y#######......##
..............YY@DJ...........###
..........##.#######............#
####......#........#.............
#...Y.Y#........#........._...
#......#........#.............
#.Y....###......#......#.....#
#.....†..#....>.#......#.....'
#........#......#......#.....#
#........#......#......#.....#


You could see a 19-headed hydra, 3 yaks and a jelly.

Vanquished Creatures
  An orc warlord (Bailey)
  Fannar (D:11)
  The ghost of Glider the Changer, a novice OpTm of Dithmenos (D:8)
  An unseen horror (D:12)
  6 hill giants
  Pikel (D:5)
  A wolf spider (D:11)
  4 ugly things
  A manticore (D:11)
  An orc knight (Bailey)
  3 cyclopes
  A gargoyle (D:12)
  A queen bee (D:11)
  2 trolls (D:12)
  The ghost of Ivanskos the Covered, an amateur DDFi (D:4)
  Grinder (D:5)
  Prince Ribbit (D:6)
  A two-headed ogre (D:9)
  12 slime creatures
  2 shadows
  A spriggan (D:8)
  2 basilisks
  2 deep elf magi
  A wyvern (D:9)
  2 hungry ghosts
  A wraith (D:12)
  A vampire mosquito (D:11)
  24 yaks
  Menkaure (D:6)
  2 mottled dragons
  A hippogriff (D:9)
  4 sky beasts
  A soldier ant (D:12)
  8 orc warriors
  4 ice beasts
  A slave (D:5)
  3 water moccasins
  2 ogres
  A phantom (D:3)
  7 centaurs
  2 necrophages (D:11)
  Blork the orc (D:6)
  3 big kobolds
  8 giant frogs
  7 scorpions
  52 killer bees
  2 wyvern skeletons (D:11)
  A giant frog zombie (D:12)
  7 crimson imps
  6 wights
  A centaur zombie (D:9)
  6 jellies
  Crazy Yiuf (D:6)
  5 giant frog skeletons
  2 centaur skeletons
  4 hounds
  8 orc wizards
  A quasit (D:12)
  9 orc priests
  8 worker ants
  A killer bee zombie (D:7)
  3 worker ant zombies
  7 gnolls
  A river rat (D:9)
  4 shadow imps
  12 adders
  An ooze (D:5)
  4 adder skeletons
  4 worms (D:2)
  6 giant geckos
  77 orcs
  2 giant cockroaches
  8 hobgoblins
  22 jackals
  34 kobolds
  4 quokkas
  A ball python (D:4)
  10 bats
  A giant cockroach zombie (D:6)
  7 giant newts
  12 goblins
  6 quokka skeletons
  7 rats
480 creatures vanquished.

Vanquished Creatures (others)
  A giant frog zombie (D:5)
  An adder (D:5)
  A quokka skeleton (D:5)
  A plant (D:9)
4 creatures vanquished.

Grand Total: 484 creatures vanquished

Notes
Turn   | Place    | Note
--------------------------------------------------------------
     0 | D:1      | Peloso the Minotaur Fighter began the quest for the Orb.
     0 | D:1      | Reached XP level 1. HP: 19/19 MP: 0/0
   243 | D:1      | Reached XP level 2. HP: 27/27 MP: 1/1
   450 | D:1      | Reached skill level 4 in Armour
   845 | D:2      | Reached XP level 3. HP: 31/33 MP: 2/2
   955 | D:2      | Found a faded altar to an unknown god.
  1030 | D:2      | Found a shimmering altar of Xom.
  1180 | D:2      | Reached XP level 4. HP: 40/40 MP: 3/3
  1456 | D:3      | Noticed a phantom
  1578 | D:3      | Reached skill level 1 in Dodging
  1620 | D:3      | Killed a phantom
  1620 | D:3      | Reached skill level 5 in Shields
  1620 | D:3      | Reached XP level 5. HP: 29/46 MP: 4/4
  1809 | D:4      | Noticed Ivanskos's ghost (amateur DDFi)
  1816 | D:4      | Reached skill level 5 in Armour
  1829 | D:4      | Killed Ivanskos's ghost
  1829 | D:4      | Reached XP level 6. HP: 18/53 MP: 5/5
  2151 | D:4      | Reached XP level 7. HP: 43/60 MP: 6/6
  2383 | D:4      | Found a staircase to the Ecumenical Temple.
  2393 | Temple   | Entered the Ecumenical Temple
  2690 | D:5      | Entered Level 5 of the Dungeon
  2690 | D:5      | Found an iron altar of Okawaru.
  2691 | D:5      | Noticed Grinder
  2696 | D:5      | Became a worshipper of Warmaster Okawaru
  2708 | D:5      | Paralysed by Grinder for 6 turns
  2717 | D:5      | HP: 2/60 [Grinder (6)]
  2719 | D:5      | Killed Grinder
  2719 | D:5      | Reached skill level 5 in Fighting
  2719 | D:5      | Reached skill level 5 in Long Blades
  2719 | D:5      | Reached skill level 6 in Armour
  3077 | D:5      | Found Wely's Antique Weapon Shop.
  3119 | D:5      | Noticed Pikel
  3141 | D:5      | Killed Pikel
  3141 | D:5      | Reached * piety under Okawaru
  3141 | D:5      | Reached skill level 7 in Armour
  3141 | D:5      | Reached XP level 8. HP: 38/70 MP: 7/7
  3152 | D:5      | Found a radiant altar of Vehumet.
  3479 | D:5      | Reached ** piety under Okawaru
  3587 | D:5      | Found Tauq's General Store.
  3630 | D:5      | Found a stormy altar of Qazlal.
  3762 | D:5      | Reached skill level 1 in Stealth
  4019 | D:6      | Noticed Menkaure
  4041 | D:6      | Killed Menkaure
  4041 | D:6      | Reached skill level 8 in Armour
  4245 | D:6      | Found an opulent altar of Gozag.
  4441 | D:6      | Noticed Crazy Yiuf
  4450 | D:6      | Killed Crazy Yiuf
  4505 | D:6      | Noticed Blork the orc
  4519 | D:6      | Killed Blork the orc
  4519 | D:6      | Reached XP level 9. HP: 52/78 MP: 8/8
  4578 | D:6      | Noticed Prince Ribbit
  4608 | D:6      | Killed Prince Ribbit
  4819 | D:6      | Found a white marble altar of Elyvilon.
  4822 | D:6      | Found a glowing silver altar of Zin.
  4826 | D:6      | Found a shattered altar of Ashenzari.
  4827 | D:6      | Found a sparkling altar of Nemelex Xobeh.
  4853 | D:6      | Found a burning altar of Makhleb.
  4988 | D:6      | Found a basalt altar of Yredelemnul.
  4995 | D:6      | Found a snail-covered altar of Cheibriados.
  5243 | D:7      | Reached *** piety under Okawaru
  5266 | D:7      | Identified the Almanac of Virous Sinister Magic
  5303 | D:7      | Found a shimmering altar of Xom.
  5626 | D:7      | Reached skill level 1 in Invocations
  5679 | D:7      | Found Ruson's Food Boutique.
  5821 | D:7      | Reached skill level 9 in Armour
  5977 | D:8      | Noticed Glider's ghost (novice OpTm)
  6099 | D:8      | Killed Glider's ghost
  6167 | D:8      | Reached XP level 10. HP: 88/88 MP: 9/9
  6261 | D:8      | Found a glowing golden altar of the Shining One.
  6731 | D:9      | Found a staircase to the Lair.
  6748 | D:9      | Reached **** piety under Okawaru
  6807 | D:9      | Found Bepo Hui's Magic Scroll Shop.
  6834 | D:9      | Bought a scroll of remove curse for 33 gold pieces
  6976 | D:9      | Found a flagged portal.
  7003 | Bailey   | Entered a bailey
  7011 | Bailey   | Noticed an orc warlord
  7049 | Bailey   | Reached skill level 5 in Dodging
  7134 | Bailey   | Found a runed gate.
  7134 | Bailey   | Found a runed gate.
  7134 | Bailey   | Found a runed gate.
  7136 | Bailey   | Noticed an orc knight
  7156 | Bailey   | Killed an orc knight
  7665 | Bailey   | Killed an orc warlord
  7665 | Bailey   | Received a gift from Okawaru
  7665 | Bailey   | Reached ***** piety under Okawaru
  7665 | Bailey   | Reached skill level 10 in Long Blades
  7665 | Bailey   | Reached skill level 10 in Armour
  7665 | Bailey   | Reached skill level 10 in Shields
  8184 | D:10     | Entered Level 10 of the Dungeon
  8184 | D:10     | Noticed a hill giant
  8196 | D:10     | Killed a hill giant
  8196 | D:10     | Received a gift from Okawaru
  8196 | D:10     | Reached XP level 11. HP: 57/95 MP: 11/11
  8399 | D:10     | Found a portal to a secret trove of treasure.
  8407 | Trove    | Entered a treasure trove
  8478 | Trove    | Got a transparent pewter ring
  8480 | Trove    | Identified the ring of Autumn {rC++ MR- MP+9 Dex+4 Stlth+} (You found it in a treasure trove)
  8491 | Trove    | Got a transparent robe
  9202 | Temple   | Identified the +1 robe "Gashri Zoufo" {Dex+3} (You found it in a treasure trove)
  9565 | D:10     | Found Teoxzoplasch's Armour Boutique.
  9576 | D:10     | Reached skill level 11 in Long Blades
 10333 | D:11     | Found a staircase to the Orcish Mines.
 10405 | D:11     | Noticed a hill giant
 10414 | D:11     | Killed a hill giant
 10572 | D:11     | Reached skill level 12 in Long Blades
 10888 | D:11     | Noticed Fannar
 10920 | D:11     | Killed Fannar
 10920 | D:11     | Received a gift from Okawaru
 10920 | D:11     | Reached skill level 10 in Fighting
 11295 | D:11     | Reached XP level 12. HP: 26/106 MP: 12/12
 12386 | D:12     | Found a glowing golden altar of the Shining One.
 12436 | D:12     | Noticed a hill giant
 12445 | D:12     | Killed a hill giant
 12509 | D:12     | Noticed a hill giant
 12527 | D:12     | Killed a hill giant
 12631 | D:11     | Reached skill level 13 in Shields
 14508 | D:12     | Reached skill level 14 in Shields
 14572 | D:12     | Noticed a hill giant
 14585 | D:12     | Killed a hill giant
 14585 | D:12     | Reached XP level 13. HP: 88/116 MP: 13/13
 14820 | D:12     | HP: 5/116 [19-headed hydra (8)]
 14820 | D:12     | Slain by a yak

Action                   |  1- 3 |  4- 6 |  7- 9 | 10-12 | 13-15 || total
-------------------------+-------+-------+-------+-------+-------++-------
Melee: Long sword        |    97 |    97 |   419 |  1370 |    59 ||  2042
Throw: Tomahawk          |       |       |       |    24 |       ||    24
Invok: Heroism           |       |       |     4 |    18 |     2 ||    24
Evoke: Wand              |       |       |       |     1 |     2 ||     3
  Use: Scroll            |     3 |       |     8 |    15 |     1 ||    27
       Potion            |     1 |     1 |     1 |     2 |       ||     5
  Eat: Chunk             |     1 |     3 |    12 |    30 |     2 ||    48
       Beef jerky        |       |       |     1 |       |       ||     1
       Pizza             |       |       |       |     1 |       ||     1
       Fruit             |       |       |       |     2 |       ||     2
